 Dungeon Crawl Stone Soup version 0.26.1-10-gdfb7c7de75 (webtiles) character file.

Game seed: 12108624348999081915

18897 roke1 the Brawler (level 12, 0/110 HPs)
             Began as a Ghoul Fighter on Apr 2, 2021.
             Was a High Priest of Makhleb.
             Slain by an eight-headed hydra (7 damage)
             ... on level 9 of the Dungeon.
             The game lasted 00:32:14 (12961 turns).

roke1 the Brawler (Ghoul Fighter)                  Turns: 12961, Time: 00:32:14

Health: 0/110      AC: 13    Str: 21    XL:     12   Next: 63%
Magic:  11/11      EV:  5    Int:  6    God:    Makhleb [*****.]
Gold:   1029       SH: 12    Dex: 15    Spells: 11/11 levels left

rFire    + . .     SeeInvis .     - Unarmed
rCold    + . .     Faith    +   b - +0 kite shield
rNeg     + + +     Spirit   .   d - +0 plate armour
rPois    ∞         Reflect  .   (no helmet)
rElec    .         Harm     .   L - +1 cloak {rC+}
rCorr    .         Rampage  .   (no gloves)
Will     .....                  (no boots)
Stlth    ..........             B - amulet of faith
HPRegen  0.00/turn              h - +6 ring of dexterity
MPRegen  0.12/turn              H - ring of fire

@: studying Ice Magic
A: claws 1, cold resistance 1, negative energy resistance 3, inhibited
regeneration, torment resistance, unbreathing
a: Renounce Religion, Minor Destruction, Lesser Servant of Makhleb, Major
Destruction, Greater Servant of Makhleb


You were on level 9 of the Dungeon.
You worshipped Makhleb.
Makhleb was extremely pleased with you.
You visited 2 branches of the dungeon, and saw 12 of its levels.
You also visited: Ice Cave.

You collected 1029 gold pieces.

Inventory:

Missiles
 A - a throwing net (quivered)
Armour
 b - a +0 kite shield (worn)
 d - a +0 plate armour (worn)
 t - the +1 ring mail of Plasticity {rElec rCorr Str+5 Dex-5}
   (You found it on level 4 of the Dungeon)

   It affects your strength (+5).
   It affects your dexterity (-5).
   It insulates you from electricity.
   It provides partial protection from all sources of acid and corrosion.
 L - a +1 cloak of cold resistance (worn)
Jewellery
 h - a +6 ring of dexterity (left claw)
 o - an uncursed amulet of reflection
 B - an amulet of faith (around neck)
 E - a +6 ring of intelligence
 H - a ring of fire (right claw)
 K - an uncursed ring of ice
Wands
 k - a wand of iceblast (22)
 p - a wand of disintegration (32)
 y - a wand of random effects (34)
 C - a wand of digging (4)
 F - a wand of flame (28)
Scrolls
 a - a scroll of identify
 f - 5 scrolls of remove curse
 g - 5 scrolls of blinking
 j - a scroll of enchant armour
 l - 3 scrolls of amnesia
 m - 2 scrolls of magic mapping {unknown}
 v - 2 scrolls of fog {unknown}
 x - 2 scrolls of enchant weapon
 G - a scroll of random uselessness {unknown}
 I - 2 scrolls of teleportation
Potions
 c - a potion of might
 e - a potion of cancellation
 i - 8 potions of curing
 n - 4 potions of brilliance
 r - 2 potions of attraction
 s - a potion of magic
 w - 3 potions of flight
 z - 3 potions of haste
 D - 4 potions of ambrosia
 M - a potion of invisibility
 N - a potion of lignification
Books
 u - a manual of Ice Magic
 J - a manual of Ice Magic


   Skills:
 + Level 11.4 Fighting
 - Level 3.9 Armour
 * Level 11.0 Shields
 + Level 16.5 Unarmed Combat


You had 11 spell levels left.
You didn't know any spells.
Your spell library contained the following spells:

 Spells                   Type           Power        Failure   Level
 Animate Skeleton         Necr           0%           100%        1
 Apportation              Tloc           0%           100%        1
 Corona                   Hex            0%           100%        1
 Shock                    Conj/Air       0%           100%        1
 Sting                    Tmut/Pois      0%           100%        1
 Summon Small Mammal      Summ           0%           100%        1
 Poisonous Vapours        Pois/Air       0%           100%        2
 Swiftness                Air            0%           100%        2
 Ignite Poison            Fire/Tmut/Pois 0%           100%        3
 Mephitic Cloud           Conj/Pois/Air  0%           100%        3
 Static Discharge         Conj/Air       0%           100%        3
 Airstrike                Air            0%           100%        4
 Olgreb's Toxic Radiance  Pois           0%           100%        4
 Lightning Bolt           Conj/Air       0%           100%        5
 Metabolic Englaciation   Hex/Ice        0%           100%        5
 Freezing Cloud           Conj/Ice/Air   0%           100%        6
 Ozocubu's Refrigeration  Ice            0%           100%        6
 Simulacrum               Ice/Necr       0%           100%        6
 Ice Form                 Ice/Tmut       Unusable     N/A         4

Dungeon Overview and Level Annotations

Branches:
Dungeon (11/15)            Temple (0/1) D:6            Lair (1/6) D:11
    Orc (0/2) D:10          IceCv (visited)

Altars:
Dithmenos
Makhleb

Shops:
D:5 }

Annotations:
D:9 Harold


Innate Abilities, Weirdness & Mutations

You thrive by killing the living.
You are immune to poison.
You have sharp fingernails.
Your flesh is cold resistant. (rC+)
You are immune to negative energy. (rN+++)
You do not regenerate when monsters are visible.
You are immune to unholy pain and torment.
You can survive without breathing.


Message History

You claw the eight-headed hydra!
The eight-headed hydra is severely wounded.
The eight-headed hydra bites you but does no damage.
The eight-headed hydra bites you! The eight-headed hydra bites you. x2
* * * LOW HITPOINT WARNING * * *
The eight-headed hydra bites you.
* * * LOW HITPOINT WARNING * * *
You block the eight-headed hydra's attack. x2
The eight-headed hydra bites you but does no damage.
Your plate armour prevents you from hitting the eight-headed hydra.
The eight-headed hydra is severely wounded.
The eight-headed hydra bites you but does no damage.
The eight-headed hydra bites you!
* * * LOW HITPOINT WARNING * * *
The eight-headed hydra bites you!
* * * LOW HITPOINT WARNING * * *
You block the eight-headed hydra's attack. x2
The eight-headed hydra bites you but does no damage.
The eight-headed hydra bites you!
You die...

..#.........................<.##
.....................#.........##
........(....#...)......#........
.........##..##......# #.........
........## #.##.....####.......##
.........## ..#......##...#.[..#
..........##...............[#..##
............# ##D........[......#
#...........# #.@...........##..#
##.......###.##............###.##
#........##....$...........##.##
##........................).#...
##......................#......
#.............................
#.............#............<...
#....#........................#
##...#.#......................##


You could see an eight-headed hydra.

Vanquished Creatures
  4 two-headed ogres
  A necromancer (IceCv)
  A deep elf mage (D:7)
  2 ugly things
  An ice statue (IceCv)
  3 cane toads (Lair:1)
  A rime drake (Lair:1)
  3 komodo dragons (Lair:1)
  10 freezing wraiths (IceCv)
  A wraith (D:10)
  A wyvern (D:9)
  A basilisk (Lair:1)
  17 yaks
  A death yak simulacrum (IceCv)
  A steam dragon (D:11)
  A water moccasin (D:8)
  10 ice beasts
  5 orc warriors
  4 sky beasts
  An alligator simulacrum (IceCv)
  6 ogres
  2 phantoms
  4 wolves (Lair:1)
  3 centaurs
  A big kobold (D:10)
  11 bullfrogs
  A gnoll sergeant (D:6)
  3 scorpions
  13 killer bees
  An elephant simulacrum (IceCv)
  3 wights (D:9)
  4 howler monkeys
  5 draconian simulacra (IceCv)
  A bullfrog zombie (D:6)
  A centaur zombie (D:9)
  2 quasits
  5 hounds
  4 jellies
  7 orc priests
  A gnoll shaman (D:7)
  An iguana (D:5)
  6 orc wizards
  A centaur skeleton (D:7)
  2 bullfrog skeletons
  Ijyb (D:5)
  A polar bear simulacrum (IceCv)
  4 worker ants
  3 troll simulacra (IceCv)
  A killer bee zombie (D:5)
  5 centaur simulacra (IceCv)
  4 hound skeletons
  A howler monkey zombie (D:8)
  A worker ant zombie (D:11)
  11 gnolls
  9 adders
  2 naga simulacra (IceCv)
  5 ogre simulacra (IceCv)
  29 white imps
  An ufetubus (D:6)
  2 adder skeletons
  A worm (D:3)
  5 leopard geckos
  34 orcs
  5 giant cockroaches
  2 goblins
  5 hobgoblins
  12 jackals
  13 kobolds
  2 quokkas
  3 ball pythons
  5 bats
  A frilled lizard (D:3)
  A jackal skeleton (D:5)
  A leopard gecko zombie (D:6)
  A quokka zombie (D:6)
  12 rats
340 creatures vanquished.

Notes
Turn   | Place    | Note
-------+----------+-------------------------------------------
     0 | D:1      | roke1 the Ghoul Fighter began the quest for the Orb.
     0 | D:1      | Reached XP level 1. HP: 19/19 MP: 0/0
   172 | D:1      | Reached XP level 2. HP: 26/26 MP: 1/1
   866 | D:2      | Reached XP level 3. HP: 31/31 MP: 2/2
   881 | D:2      | Reached skill level 3 in Unarmed Combat
  1550 | D:3      | Reached XP level 4. HP: 38/40 MP: 3/3
  1906 | D:3      | Reached skill level 4 in Unarmed Combat
  1906 | D:3      | Reached XP level 5. HP: 46/46 MP: 4/4
  2194 | D:3      | Found a burning altar of Makhleb.
  2209 | D:3      | Became a worshipper of Makhleb the Destroyer
  2705 | D:4      | Got a jewelled ring mail
  2787 | D:4      | Identified the +1 ring mail of Plasticity {rElec rCorr
                  | Str+5 Dex-5} (You found it on level 4 of the Dungeon)
  2812 | D:4      | Found a shadowy altar of Dithmenos.
  2914 | D:5      | Entered Level 5 of the Dungeon
  2971 | D:5      | Noticed a centaur
  3002 | D:5      | Reached XP level 6. HP: 37/52 MP: 3/5
  3010 | D:5      | Noticed a phantom
  3137 | D:5      | Killed a phantom
  3183 | D:5      | Reached skill level 5 in Unarmed Combat
  3292 | D:5      | Reached XP level 7. HP: 60/60 MP: 6/6
  3315 | D:5      | Found Xoqiq's Gadget Shoppe.
  3473 | D:5      | Noticed Ijyb
  3496 | D:5      | Killed Ijyb
  3516 | D:5      | Reached skill level 5 in Fighting
  3773 | D:6      | Reached skill level 6 in Unarmed Combat
  4007 | D:6      | Found a burning altar of Makhleb.
  4351 | D:6      | Found a staircase to the Ecumenical Temple.
  4546 | D:6      | Reached XP level 8. HP: 69/69 MP: 7/7
  4971 | D:7      | Reached skill level 7 in Unarmed Combat
  5106 | D:7      | Reached * piety under Makhleb
  5134 | D:7      | Reached skill level 5 in Shields
  5244 | D:7      | Noticed a deep elf mage
  5394 | D:7      | Reached skill level 8 in Unarmed Combat
  5589 | D:7      | Killed a deep elf mage
  5590 | D:7      | Reached skill level 9 in Unarmed Combat
  5590 | D:7      | Reached XP level 9. HP: 62/79 MP: 4/8
  6316 | D:8      | Reached skill level 10 in Unarmed Combat
  6482 | D:8      | Reached ** piety under Makhleb
  6788 | D:8      | Reached skill level 11 in Unarmed Combat
  7151 | D:9      | Noticed a cyan ugly thing
  7254 | D:9      | Reached XP level 10. HP: 88/88 MP: 7/9
  7318 | D:9      | Reached skill level 12 in Unarmed Combat
  7357 | D:9      | Killed a cyan ugly thing
  7753 | D:9      | Reached skill level 13 in Unarmed Combat
  7897 | D:9      | Noticed a two-headed ogre
  7957 | D:9      | Killed a two-headed ogre
  8184 | D:9      | Noticed Harold
  8337 | D:9      | Reached skill level 14 in Unarmed Combat
  8365 | D:9      | Reached *** piety under Makhleb
  8484 | D:9      | Noticed an eight-headed hydra
  9049 | D:10     | Entered Level 10 of the Dungeon
  9146 | D:10     | Reached XP level 11. HP: 97/97 MP: 10/10
  9162 | D:10     | Reached skill level 15 in Unarmed Combat
  9222 | D:10     | Found a staircase to the Orcish Mines.
  9435 | D:10     | Noticed a two-headed ogre
  9439 | D:10     | Killed a two-headed ogre
  9656 | D:10     | Reached skill level 10 in Fighting
 10104 | D:11     | Found a staircase to the Lair.
 10123 | D:11     | Reached **** piety under Makhleb
 10148 | D:11     | Noticed a two-headed ogre
 10161 | D:11     | Killed a two-headed ogre
 10266 | D:11     | Noticed a red ugly thing
 10278 | D:11     | Killed a red ugly thing
 10300 | D:11     | Noticed a two-headed ogre
 10331 | D:11     | Killed a two-headed ogre
 10550 | D:11     | Found a frozen archway.
 10593 | IceCv    | Entered an ice cave
 10834 | IceCv    | Reached skill level 16 in Unarmed Combat
 10919 | IceCv    | Reached ***** piety under Makhleb
 10960 | IceCv    | Reached XP level 12. HP: 86/108 MP: 11/11
 11161 | IceCv    | Found an ancient bone altar of Kikubaaqudgha.
 11178 | IceCv    | Reached skill level 10 in Shields
 12303 | Lair:1   | Entered Level 1 of the Lair of Beasts
 12961 | D:9      | Slain by an eight-headed hydra

Illustrated notes

Levels and vault maps discovered:
D:1:      onia_arrival_mini_spirals, layout_loops_ring, st_stairs_8
D:2:      layout_rooms, minmay_crystal_water
D:3:      layout_loops_ring, nrook_mini_backslash, bloody_makhleb
D:4:      layout_rooms, nicolae_dithmenos_through_a_glass_darkly
D:5:      layout_cave_pools, serial_shops,
          nicolae_shop_competitors_out_of_business, uniq_ijyb
D:6:      layout_loops_corners, general_overflow_altar, temple_hall,
          solitary_fountain, st_stairs_11
D:7:      layout_loops_corners, hangedman_abyss_or_decor_stabs,
          minmay_manual_moon
D:8:      layout_basic
D:9:      layout_layer_cave, uniq_harold
D:10:     layout_basic, orc_0_dummy, kennysheep_generic_room_15
D:11:     layout_loops_ring, lair_entry_dummy, portal_ice_cave_entry_imps
Lair:1:   layout_gridlike, infiniplex_staircase_pool_2, grunt_megastairs_5

Skill      XL: |  1  2  3  4  5  6  7  8  9 10 11 12 |
---------------+-------------------------------------+-----
Unarmed Combat | 3 4 5 6 9 11 14 16 | 16.5
Armour         | 3 |  3.9
Shields        | 3 4 5 6 7 9 11 | 11.0
Fighting       | 4 5 7 8 9 10 11 | 11.4

Action                   |  1- 3 |  4- 6 |  7- 9 | 10-12 || total
-------------------------+-------+-------+-------+-------++-------
Melee: Unarmed           |   124 |   151 |   448 |   648 ||  1371
Evoke: Wand              |       |       |     1 |     3 ||     4
  Use: Scroll            |     5 |     7 |     5 |     8 ||    25
 Stab: Paralysed         |       |       |     6 |       ||     6
Armor: Scale mail        |    50 |    54 |     7 |       ||   111
       Chain mail        |       |       |   166 |   166 ||   332
       Plate armour      |       |       |       |    15 ||    15
Dodge: Dodged            |    41 |    39 |    81 |    95 ||   256
Block: Kite shield       |    69 |    53 |   186 |   287 ||   595
